 Dungeon Crawl Stone Soup version 0.18-a0-1088-g34ef3a2 (webtiles) character file.

77 Ijustatesigmund the Distorting Demonspawn (level 4, -1/35 HPs)
             Began as a Demonspawn Abyssal Knight on Jan 15, 2016.
             Was a Believer of Lugonu.
             Slain by Grinder (4 damage)
             ... while paralysed by Grinder
             ... on level 3 of the Dungeon.
             The game lasted 00:06:59 (2023 turns).

Ijustatesigmund the Distorting Demonspawn (DsAK)    Turns: 2023, Time: 00:06:59

Health: -1/35      AC:  7    Str: 12    XL:     4   Next: 13%
Magic:  6/6        EV:  2    Int: 13    God:    Lugonu [**....]
Gold:   80         SH:  0    Dex: 13    Spells: 0 memorised, 3 levels left

rFire  . . .     SeeInvis .     a - +2 mace
rCold  . . .     Gourm    .     b - +0 leather armour
rNeg   . . .     Faith    .     (no shield)
rPois  .         Spirit   .     (no helmet)
rElec  .         Dismiss  .     (no cloak)
rCorr  .         Reflect  .     (no gloves)
SustAt .         Harm     .     (no boots)
MR     .....                    (no amulet)
Stlth  +.........               (no ring)
                                (no ring)

@: paralysed, not resistant to hostile enchantments, very unstealthy
A: rough black scales 1
a: Depart the Abyss, Bend Space, Renounce Religion


You were on level 3 of the Dungeon.
You worshipped Lugonu.
Lugonu was pleased with you.
You were not hungry.

You visited 1 branch of the dungeon, and saw 3 of its levels.
You visited the Abyss 1 time.

You collected 80 gold pieces.

Inventory:

Hand Weapons
 a - a +2 mace (weapon)
Armour
 b - a +0 leather armour (worn)
Scrolls
 i - 2 scrolls of remove curse
 j - a scroll of amnesia
Potions
 d - a potion of agility {unknown}
 e - a potion of cure mutation {unknown}
 h - a potion of flight {unknown}
 k - 2 potions of curing {unknown}
Comestibles
 c - a bread ration


   Skills:
 + Level 3.4 Fighting
 * Level 3.1 Maces & Flails
 - Level 1.8 Armour
 - Level 0.8 Dodging
 + Level 3.5 Invocations


You had 3 spell levels left.
You didn't know any spells.

Dungeon Overview and Level Annotations

Branches:
Dungeon (3/15)

Altars:
Cheibriados
Elyvilon

Annotations:
D:3 Grinder


Innate Abilities, Weirdness & Mutations

You are partially covered in rough black scales (AC +4, Dex -1).


Message History

You sock Grinder!
Grinder is heavily wounded.
Grinder gestures at you. Pain shoots through your body!
You hit Grinder.
Grinder is heavily wounded.
The hobgoblin hits you but does no damage.
Grinder gestures at you.
You suddenly lose the ability to move!
The hobgoblin hits you but does no damage.
Grinder hits you but does no damage. Grinder hits you.
You writhe in agony.
The hobgoblin hits you but does no damage.
Grinder hits you!
* * * LOW HITPOINT WARNING * * *
You writhe in agony.
* * * LOW HITPOINT WARNING * * *
The hobgoblin hits you but does no damage.
Grinder hits you.
You die...

.#####.....##.##...#.......
....###.##.##.##(..........
.....##........<....$(.....
.....#....#<#.##(...##.####
............#.##....# .#
.....###........(...#..#
.....# ########.(.....#
.....# #g5.(.### .....#
##@...# .....# #....#
.....# ###### .....# ######


You could see Grinder and a hobgoblin.

Vanquished Creatures
  An adder (D:2)
  A gnoll (D:2)
  2 worms (D:2)
  An orc (D:3)
  6 bats
  4 giant cockroaches
  5 goblins
  6 hobgoblins
  3 jackals (D:3)
  12 kobolds
  2 quokkas (D:2)
  6 rats
49 creatures vanquished.

Notes
Turn   | Place    | Note
--------------------------------------------------------------
     0 | Abyss:1  | Ijustatesigmund the Demonspawn Abyssal Knight began the quest for the Orb.
     0 | Abyss:1  | Reached XP level 1. HP: 18/18 MP: 2/2
    51 | D:1      | Escaped the Abyss
   354 | D:1      | Gained mutation: You are partially covered in rough black scales (AC +4, Dex -1). [demonic ancestry]
   354 | D:1      | Reached XP level 2. HP: 16/24 MP: 4/4
   663 | D:1      | Reached ** piety under Lugonu
   935 | D:2      | Reached XP level 3. HP: 29/29 MP: 5/5
  1056 | D:2      | Found a white marble altar of Elyvilon.
  1675 | D:3      | Found a snail-covered altar of Cheibriados.
  1839 | D:3      | Noticed Grinder
  1881 | D:2      | Reached XP level 4. HP: 20/35 MP: 6/6
  2019 | D:3      | Paralysed by Grinder for 6 turns
  2023 | D:3      | Slain by Grinder

Vault maps used:
D:1:      lightli_arrival_maybe_door_vault
D:2:      overflow_temple_1_default
D:3:      grunt_qazlal_sundering, nicolae_overflow_hidden_temple, uniq_grinder
Abyss:1:  evilmike_abyss_exit_vortex

Action                   |  1- 3 |  4- 6 || total
-------------------------+-------+-------++-------
Melee: Mace              |   123 |     2 ||   125
Throw: Javelin           |    12 |     4 ||    16
Invok: Bend Space        |       |     1 ||     1
  Use: Scroll            |     9 |       ||     9
       Potion            |     1 |       ||     1
  Eat: Chunk             |     3 |       ||     3
       Royal jelly       |       |     1 ||     1
